 Dungeon Crawl Stone Soup version 0.28.0-53-g5a82cb258f (webtiles) character file.

Game seed: 10885769868336967334

2628 cbfl8 the Fighter (level 9, -1/82 HPs)
             Began as a Minotaur Berserker on July 26, 2022.
             Was an Elder of Trog.
             Killed by divine providence
             ... invoked by an orc priest
              (16 damage)
             ... on level 8 of the Dungeon.
             The game lasted 00:08:25 (8134 turns).

cbfl8 the Fighter (Minotaur Berserker)              Turns: 8134, Time: 00:08:26

Health: -1/82      AC: 14    Str: 23    XL:     9   Next: 35%
Magic:  8/8        EV:  9    Int:  4    God:    Trog [****..]
Gold:   261        SH:  0    Dex: 13    Spells: 8/8 levels left

rFire   x . .      SeeInvis .   A - +0 battleaxe
rCold   + . .      Faith    +   (shield currently unavailable)
rNeg    . . .      Spirit   .   y - +0 plate armour
rPois   .          Reflect  .   (helmet restricted)
rElec   .          Harm     .   o - +0 cloak
rCorr   .          Rampage  .   x - +0 pair of gloves
Will    .....                   (no boots)
Stlth   ..........              s - amulet of faith
HPRegen 0.23/turn               a - ring of ice
MPRegen 0.11/turn               (no ring)

@: on berserk cooldown, slowed, very slow
A: horns 2, retaliatory headbutt
a: Renounce Religion, Berserk, Trog's Hand, Brothers in Arms


You were on level 8 of the Dungeon.
You worshipped Trog.
Trog was greatly pleased with you.
You visited 1 branch of the dungeon, and saw 8 of its levels.
You also visited: Sewer.

You collected 289 gold pieces.
You spent 28 gold pieces at shops.

Inventory:

Hand Weapons
 g - a +0 war axe
 A - a +0 battleaxe (weapon)
Armour
 o - a +0 cloak (worn)
 t - the +0 ring mail of Whack-A-Mole {rElec MP+9 Stlth+}
   (You found it on level 4 of the Dungeon)

   rElec:     It insulates you from electricity.
   MP:        It affects your magic capacity (+9).
   Stlth:     It makes you more stealthy.
 u - a +0 chain mail
 x - a +0 pair of gloves (worn)
 y - a +0 plate armour (worn)
Jewellery
 a - a ring of ice (left hand)
 s - an amulet of faith (around neck)
Wands
 f - a wand of digging (6)
 j - a wand of paralysis (6) (quivered)
Scrolls
 b - 3 scrolls of noise
 c - a scroll of holy word
 d - 2 scrolls of magic mapping
 e - 4 scrolls of teleportation
 h - a scroll of enchant weapon {unknown}
 k - 5 scrolls of immolation
 m - a scroll of amnesia {unknown}
 n - a scroll of vulnerability {unknown}
 q - a scroll of fog {unknown}
 v - 2 scrolls of blinking
 w - a scroll of enchant armour {unknown}
Potions
 i - 7 potions of flight
 l - a potion of mutation {unknown}
 p - 2 potions of lignification
 r - 2 potions of haste
 z - a potion of heal wounds


   Skills:
 * Level 8.4 Fighting
 + Level 5.7(7.1) Axes
 + Level 6.4(7.5) Maces & Flails
 + Level 5.3 Armour
 * Level 6.2 Dodging
 * Level 4.1 Stealth
 * Level 2.5 Evocations


You had 8 spell levels left.
You didn't know any spells.
Your spell library was empty.

Dungeon Overview and Level Annotations

Branches:
Dungeon (8/15)             Temple (0/1) D:6           Sewer (visited)
   Lair: D:8-11

Altars:
Makhleb
Nemelex Xobeh
Qazlal
Uskayaw
Wu Jian
Zin

Shops:
D:4 *   D:6 *   D:7 :


Innate Abilities, Weirdness & Mutations

You have a pair of horns on your head.
You reflexively headbutt those who attack you in melee.


Message History

Trog accepts your kill.
You barely miss the bullfrog.
You feel sick.
You are no longer poisoned.
You hear a shout!
The bullfrog hits you.
You slice the bullfrog!! You headbutt the bullfrog.
You kill the bullfrog!
Trog accepts your kill.
An orc priest comes into view. It is wielding a +0 club.
Something bites the fungus.
The fungus begins to die.
Something completely misses the fungus.
Something claws the fungus.
The orc priest mumbles some strange prayers to Beogh against you.
Pain shoots through your body!
You are too injured to fight recklessly!
Unknown command.
You are too injured to fight recklessly!
Unknown command.
You are too injured to fight recklessly!
Unknown command.
You are too injured to fight recklessly!
You feel a strong urge to attack something.
The orc priest casts a cantrip, but nothing happens.
You feel your anger nearly subside.
You are no longer berserk.
You are exhausted.
You feel yourself slow down.
The orc priest invokes the aid of Beogh against you.
Beogh smites you!
The orc priest miscasts a cantrip.
The orc wizard gestures at you while chanting.
The puff of flame hits you.
The orc wizard mumbles some strange words.
The orc wizard flickers and vanishes!
Deactivating autopickup; reactivate with Ctrl-A.
The orc priest looks braver for a moment.
The orc priest mumbles some strange prayers to Beogh against you.
Beogh smites you!
* * * LOW HITPOINT WARNING * * *
The orc priest calls down the wrath of Beogh upon you.
Beogh smites you!
You die...

#...)†##.#.#...
#...††#.......#
#.......).#
###.o.....#
#...o...#
##......###.#
#..........#
#.....#.####
#.###@#.# #.
#<#.# #. ###.#


You could see 2 orc priests.

Vanquished Creatures
  Grinder (D:3)
  A yak (D:8)
  2 water moccasins
  An orc warrior (D:8)
  A black bear (D:4)
  A necrophage (D:6)
  2 ogres (D:6)
  A centaur (D:8)
  2 phantoms (D:5)
  2 bullfrogs (D:8)
  A scorpion (D:3)
  A water moccasin zombie (D:7)
  A gnoll sergeant (D:6)
  A water moccasin skeleton (D:4)
  3 wights (D:7)
  A howler monkey (D:6)
  2 centaur zombies
  Crazy Yiuf (D:3)
  A bullfrog skeleton (D:5)
  A centaur skeleton (D:6)
  An orc priest (D:3)
  5 hounds
  2 jellies
  3 iguanas
  3 orc wizards
  A killer bee zombie (D:5)
  A howler monkey zombie (D:7)
  4 gnolls
  A howler monkey skeleton (D:5)
  12 adders
  4 river rats (Sewer)
  A white imp (D:6)
  An ufetubus (D:6)
  A worm (D:4)
  12 orcs
  12 ball pythons
  7 endoplasms
  5 giant cockroaches
  11 goblins
  5 hobgoblins
  12 jackals
  4 kobolds
  8 quokkas
  13 bats
  7 frilled lizards
  5 rats (D:2)
168 creatures vanquished.

Vanquished Creatures (others)
  19 fungi (D:8)
  30 plants (D:8)
49 creatures vanquished.

Grand Total: 217 creatures vanquished

Notes
Turn   | Place    | Note
-------+----------+-------------------------------------------
     0 | D:1      | cbfl8 the Minotaur Berserker began the quest for the Orb.
     0 | D:1      | Reached XP level 1. HP: 19/19 MP: 0/0
   134 | D:1      | Reached skill level 4 in Fighting
   188 | D:1      | Reached XP level 2. HP: 27/27 MP: 1/1
   433 | D:1      | Found a faded altar of an unknown god.
   732 | D:1      | Reached XP level 3. HP: 33/34 MP: 2/2
  1060 | D:2      | Reached ** piety under Trog
  1315 | D:2      | Reached skill level 5 in Fighting
  1495 | D:2      | Reached XP level 4. HP: 34/42 MP: 3/3
  2091 | D:3      | Noticed a scorpion
  2096 | D:3      | Killed a scorpion
  2097 | D:3      | Reached skill level 1 in Stealth
  2097 | D:3      | Reached XP level 5. HP: 48/48 MP: 4/4
  2442 | D:3      | Identified the +7 mace of the Scorpion {vamp, Fragile rF++
                  | rN++}
  2443 | D:3      | Found a runed translucent door.
  2444 | D:3      | Noticed Crazy Yiuf
  2456 | D:3      | Killed Crazy Yiuf
  2778 | D:3      | Noticed Grinder
  2779 | D:3      | Paralysed by Grinder for 3 turns
  2784 | D:3      | Paralysed by Grinder for 6 turns
  2799 | D:3      | Paralysed by Grinder for 2 turns
  2804 | D:3      | Killed Grinder
  2805 | D:3      | Reached skill level 6 in Fighting
  2805 | D:3      | Reached skill level 5 in Axes
  2805 | D:3      | Reached XP level 6. HP: 8/57 MP: 5/5
  3302 | D:3      | Reached skill level 1 in Maces & Flails
  3572 | D:4      | Found a sparkling altar of Nemelex Xobeh.
  3631 | D:4      | Found Waedgh's General Store.
  3634 | D:4      | Reached *** piety under Trog
  3645 | D:4      | Bought a scroll of identify for 28 gold pieces
  3669 | D:4      | Found a hide-covered altar of Uskayaw.
  3724 | D:4      | Reached XP level 7. HP: 60/64 MP: 6/6
  4179 | D:4      | Identified the +0 ring mail of Whack-A-Mole {rElec MP+9
                  | Stlth+}
  4251 | D:5      | Entered Level 5 of the Dungeon
  4526 | D:5      | Reached skill level 5 in Dodging
  4720 | D:5      | Reached skill level 7 in Fighting
  5267 | D:5      | Reached XP level 8. HP: 66/73 MP: 7/7
  5320 | D:6      | Found Yliyxzoo's General Store.
  5557 | D:6      | Found a glowing drain.
  5569 | Sewer    | Entered a sewer
  5574 | Sewer    | Reached skill level 5 in Maces & Flails
  5647 | Sewer    | Reached **** piety under Trog
  6233 | D:6      | Reached skill level 1 in Evocations
  6457 | D:6      | Found a staircase to the Ecumenical Temple.
  6855 | D:6      | Found a glowing silver altar of Zin.
  6896 | D:6      | Found an ornate altar of the Wu Jian Council.
  7004 | D:6      | Found a stormy altar of Qazlal.
  7007 | D:6      | Noticed an air elemental
  7107 | D:7      | Found a burning altar of Makhleb.
  7233 | D:7      | Reached skill level 8 in Fighting
  7591 | D:7      | Found Daantaoc's Book Shop.
  7655 | D:7      | Reached XP level 9. HP: 52/79 MP: 8/8
  8114 | D:8      | Reached skill level 5 in Armour
  8134 | D:8      | Killed from afar by an orc priest

Illustrated notes

Levels and vault maps discovered:
D:1:      elethiomel_arrival_quiet, layout_loops_cross,
          hellmonk_ecumenical_altar_zigzags
D:2:      layout_rooms, grunt_ministairs_15
D:3:      layout_loops_cross, minmay_misc_feat_rows, grunt_ministairs_9,
          uniq_grinder, uniq_crazy_yiuf_cottage
D:4:      layout_loops_ring, lemuel_crystal_altar, mainiacjoe_overflow_alcove_2,
          serial_shops, shop
D:5:      layout_layer_cave, cheibrodos_gnoll_hut
D:6:      layout_basic, nicolae_qazlal_style_of_elements,
          mainiacjoe_overflow_24_doors, mainiacjoe_overflow_paths,
          minmay_temple_entry_tees, serial_shops, nicolae_shop_statue_plus,
          gup_sewer_entry_pipe
D:7:      layout_loops_cross, mainiacjoe_overflow_tiny_flanked, serial_shops,
          nicolae_shop_behind_doors
D:8:      layout_basic, due_lair_maze_entry_diamond, uniq_psyche

Skill      XL: |  1  2  3  4  5  6  7  8  9 |
---------------+----------------------------+-----
Fighting       | 4 5 6 7 8 |  8.4
Axes           | 4 5 |  5.7
Dodging        | 3 4 5 6 |  6.2
Stealth        | 1 2 3 4 |  4.1
Maces & Flails | 1 4 6 |  6.4
Armour         | 3 4 5 |  5.3
Evocations     | 2 |  2.5

Action                   |  1- 3 |  4- 6 |  7- 9 || total
-------------------------+-------+-------+-------++-------
Melee: Hand axe          |    63 |       |       ||    63
       Headbutt          |    12 |     9 |    32 ||    53
       Punch             |     1 |       |     2 ||     3
       War axe           |    26 |    38 |       ||    64
       Mace              |       |    54 |   186 ||   240
       Battleaxe         |       |       |    24 ||    24
Invok: Berserk           |       |     2 |     3 ||     5
       Trog's Hand       |       |       |     1 ||     1
  Use: Scroll            |       |     5 |     4 ||     9
       Potion            |       |       |     2 ||     2
 Stab: Sleeping          |       |       |     2 ||     2
Armor: Animal skin       |    20 |     5 |       ||    25
       Leather armour    |       |    15 |     1 ||    16
       Chain mail        |       |       |   125 ||   125
       Ring mail         |       |       |     6 ||     6
       Plate armour      |       |       |    28 ||    28
Dodge: Dodged            |    71 |    59 |   176 ||   306
